 Dungeon Crawl Stone Soup version 0.21.1-1-g345015f (webtiles) character file.

60 JeffiDaFish the Chopper (level 3, -2/29 HPs)
             Began as a Demonspawn Chaos Knight on Feb 23, 2018.
             Slain by richr's ghost (11 damage)
             ... on level 3 of the Dungeon.
             The game lasted 00:02:54 (1755 turns).

JeffiDaFish the Chopper (Demonspawn Chaos Knight)   Turns: 1755, Time: 00:02:54

Health: -2/29      AC:  8    Str: 13    XL:     3   Next: 82%
Magic:  3/3        EV: 11    Int: 13    God:    Xom [...*..]
Gold:   59         SH:  0    Dex: 10    Spells: 2/2 levels left

rFire    + . .     SeeInvis +   a - +0 hand axe (chaos)
rCold    . . .     Gourm    .   (no shield)
rNeg     . . .     Faith    .   b - +2 leather armour
rPois    .         Spirit   .   f - +0 helmet
rElec    .         Reflect  .   (no cloak)
rCorr    .         Harm     .   (no gloves)
MR       .....                  (no boots)
Stlth    +.........             (no amulet)
HPRegen  0.09/turn              d - ring of see invisible
MPRegen  0.08/turn              (no ring)

@: hasted, very quick
A: icy blue scales 1, clumsy 1, fire resistance 1
a: Renounce Religion


You were on level 3 of the Dungeon.
You worshipped Xom.
You were a favourite toy of Xom.
You were hungry.

You visited 1 branch of the dungeon, and saw 3 of its levels.

You collected 59 gold pieces.

Inventory:

Hand Weapons
 a - a +0 hand axe of chaos (weapon)
Armour
 b - a +2 leather armour (worn)
 f - a +0 helmet (worn)
Jewellery
 d - a ring of see invisible (left hand)
Scrolls
 e - a scroll of identify
Comestibles
 c - 5 rations


   Skills:
 * Level 3.6 Fighting
 * Level 3.6 Axes
 + Level 2.1 Armour
 + Level 1.1 Dodging


You had 2 spell levels left.
You didn't know any spells.

Dungeon Overview and Level Annotations

Branches:
Dungeon (3/15)

Altars:
Dithmenos
Gozag
Zin

Annotations:
D:3 richr's ghost, amateur TrFi


Innate Abilities, Weirdness & Mutations

You are partially covered in icy blue scales. (AC +2)
You are clumsy. (Dex -2)
Your flesh is heat resistant. (rF+)


Message History

Found a stone staircase leading down.
Xom smiles on you.
You feel yourself speed up.
Richr's ghost seems less confused.
You hit richr's ghost.
Richr's ghost convulses.
Richr's ghost is moderately damaged.
Richr's ghost hits you!
You hit richr's ghost. You burn richr's ghost.
Richr's ghost is moderately damaged.
Richr's ghost hits you!
You are too injured to fight recklessly!
You hit richr's ghost.
Richr's ghost is moderately damaged.
Richr's ghost hits you but does no damage.
Richr's ghost closely misses you.
You aren't carrying any potions.
You hit richr's ghost but do no damage.
Richr's ghost is moderately damaged.
Richr's ghost hits you!
You die...
Xom cackles wildly!

#.#.#.#.#.#+.........#
.#.#.#.#.#.#.........#
#.#.#.#.#.#..........#
.#.#.#.#)#.#......
#.#.#+#.#.#.......
#.#..†..#.#####..
#.....#.#.# .
###.....#####
.......@# .......W#
........# ........#
........# ###..>..#
#.#.### #.#.


You could see richr's ghost.

Vanquished Creatures
  2 adders (D:2)
  A worm (D:2)
  2 dart slugs
  A leopard gecko (D:2)
  An orc (D:3)
  2 bats
  A giant cockroach (D:2)
  A hobgoblin (D:2)
  4 jackals (D:1)
  5 kobolds
  A ball python (D:3)
  A frilled lizard (D:2)
  3 goblins (D:1)
  10 rats
35 creatures vanquished.

Notes
Turn   | Place    | Note
-------+----------+-------------------------------------------
     0 | D:1      | JeffiDaFish the Demonspawn Chaos Knight began the quest for the Orb.
     0 | D:1      | Reached XP level 1. HP: 18/18 MP: 1/1
   204 | D:1      | Gained mutation: You are partially covered in icy blue scales. (AC +2) [demonic ancestry]
   204 | D:1      | Reached XP level 2. HP: 24/24 MP: 2/2
   208 | D:1      | Reached skill level 1 in Dodging
   367 | D:1      | XOM: silly message
   921 | D:2      | Reached XP level 3. HP: 29/29 MP: 3/3
   938 | D:2      | XOM: give mutations
   938 | D:2      | Gained mutation: You possess an exceptional clarity of mind. [Xom's grace]
   938 | D:2      | Gained mutation: You have a pair of small antennae on your head. [Xom's grace]
  1025 | D:2      | Lost mutation: You possess an exceptional clarity of mind. [potion of mutation]
  1025 | D:2      | Lost mutation: You have a pair of small antennae on your head. [potion of mutation]
  1025 | D:2      | Gained mutation: You tend to lose your temper in combat. [potion of mutation]
  1025 | D:2      | Gained mutation: You are clumsy. (Dex -2) [potion of mutation]
  1025 | D:2      | Lost mutation: You tend to lose your temper in combat. [potion of mutation]
  1025 | D:2      | Gained mutation: Your flesh is heat resistant. (rF+) [potion of mutation]
  1173 | D:2      | XOM: confusion (+ monsters)
  1324 | D:2      | Found an opulent altar of Gozag.
  1325 | D:2      | Found a glowing silver altar of Zin.
  1725 | D:3      | Found a shadowy altar of Dithmenos.
  1739 | D:3      | Noticed richr's ghost (amateur TrFi)
  1751 | D:3      | XOM: potion effect (haste)
  1755 | D:3      | Slain by richr's ghost

Skill      XL: |  1  2  3 |
---------------+----------+-----
Axes           | 3 |  3.6
Dodging        | 1 |  1.1
Armour         | 2 |  2.1
Fighting       | |  3.6

Action                   || total
-------------------------++-------
Melee: Hand axe          ||   111
  Use: Potion            ||     7
       Scroll            ||     4
 Stab: Confused          ||     1
       Sleeping          ||     1
  Eat: Chunk             ||     2
Armor: Leather armour    ||    37
Dodge: Dodged            ||    58
